 Dungeon Crawl Stone Soup version 0.19.0 (webtiles) character file.

218976 PurpleRed the Executioner (level 18, -3/182 HPs)
             Began as a Minotaur Fighter on Nov 11, 2016.
             Was the Champion of Makhleb.
             Killed by the air
             ... invoked by a titan
              (21 damage)
             ... on level 4 of the Depths.
             The game lasted 01:14:15 (25425 turns).

PurpleRed the Executioner (Minotaur Fighter)       Turns: 25425, Time: 01:14:16

Health: -3/182     AC: 40    Str: 32    XL:     18   Next: 81%
Magic:  17/17      EV: 21    Int:  9    God:    Makhleb [******]
Gold:   1415       SH:  0    Dex: 17    Spells: 2 memorised, 12 levels left

rFire  . . .     SeeInvis .     y - +2 battleaxe (freeze)
rCold  + . .     Gourm    .     N - +14 plate armour of the Dwarven Hall {Int+4 Stlth+}
rNeg   . . .     Faith    .     (shield currently unavailable)
rPois  +         Spirit   .     (helmet restricted)
rElec  .         Reflect  .     L - +1 cloak
rCorr  .         Harm     .     w - +1 pair of gloves
MR     ++...                    c - +2 pair of boots
Stlth  ..........               q - amulet of rage
                                J - ring of protection from magic
                                o - ring of Happiness {rPois rC+}

@: mighty, agile, exhausted, very slightly contaminated, hasted and slowed,
studying Spellcasting, heavily drained
A: retaliatory headbutt, horns 2
a: Minor Destruction, Lesser Servant of Makhleb, Major Destruction, Greater
Servant of Makhleb, Renounce Religion, Evoke Berserk Rage


You were on level 4 of the Depths.
You worshipped Makhleb.
Makhleb was exalted by your worship.
You were not hungry.

You visited 2 branches of the dungeon, and saw 19 of its levels.
You visited the Abyss 1 time.

You collected 2313 gold pieces.
You spent 898 gold pieces at shops.

Inventory:

Hand Weapons
 m - the +11 morningstar of the Cup {flame, rPois}
   (You found it on level 1 of the Depths)

   It has been specially enchanted to burn those struck by it, causing extra
   injury to most foes and up to half again as much damage against particularly
   susceptible opponents.
   It protects you from poison.
 n - a +4 broad axe of electrocution
 s - a +2 battleaxe of chaos
 y - a +2 battleaxe of freezing (weapon)
Armour
 c - a +2 pair of boots (worn)
 w - a +1 pair of gloves (worn)
 L - a +1 cloak (worn)
 N - the +14 plate armour of the Dwarven Hall (worn) {Int+4 Stlth+}
   (You bought it in a shop on level 11 of the Dungeon)

   It affects your intelligence (+4).
   It makes you more stealthy.
 Q - +1 gold dragon scales
Jewellery
 a - an uncursed amulet of regeneration
 g - an uncursed ring of resist corrosion
 l - an uncursed amulet of harm {unknown}
 o - the ring of Happiness (left hand) {rPois rC+}
   (You took it off a spriggan rider on level 2 of the Depths)

   [ring of poison resistance]

   It protects you from cold.
   It protects you from poison.
 p - the ring of the Moon {rN+ MP+9 Str-4 Slay+2}
   (You found it on level 3 of the Depths)

   [ring of magical power]

   It affects your strength (-4).
   It affects your accuracy and damage with ranged weapons and melee attacks
   (+2).
   It protects you from negative energy.
   It affects your magic capacity (+9).
 q - an amulet of rage (around neck)
 r - the ring "Epsocague" {Fire Dex+4}
   (You took it off a balrug on level 1 of the Depths)

   [ring of fire]

   It enhances your fire magic.
   It affects your dexterity (+4).
   It protects you from fire.
   It makes you vulnerable to cold.
 J - a ring of protection from magic (right hand)
 K - an uncursed amulet of guardian spirit
 O - a +4 ring of strength
 P - the amulet "Uzim" {Faith rC- MR+ Int+4 Slay+2}
   (You took it off a boggart on level 1 of the Depths)

   [amulet of faith]

   It allows you to gain divine favour quickly.
   It affects your intelligence (+4).
   It affects your accuracy and damage with ranged weapons and melee attacks
   (+2).
   It makes you vulnerable to cold.
   It affects your resistance to hostile enchantments.
Wands
 u - a wand of slowing (16/48)
 C - a wand of flame (36/48)
 F - a wand of confusion (11/48)
Scrolls
 e - 6 scrolls of remove curse
 j - a scroll of holy word
 k - 2 scrolls of enchant armour
 t - 4 scrolls of enchant weapon
 x - a scroll of blinking
 H - 3 scrolls of fear
Potions
 b - 2 potions of cancellation
 d - 6 potions of might
 h - 3 potions of agility
 i - 2 potions of haste
 v - 2 potions of flight
 B - 3 potions of resistance
 D - 3 potions of heal wounds
 E - 3 potions of lignification
 G - 4 potions of cure mutation
 I - a potion of brilliance
Books
 R - a manual of Spellcasting
Miscellaneous
 M - a phial of floods
Comestibles
 f - 14 bread rations
 A - 10 meat rations


   Skills:
 + Level 21.0(18.9) Fighting
 + Level 23.4(21.2) Axes
 - Level 18.0(16.1) Armour
 + Level 12.9(11.2) Dodging
   Level 3.6(2.2) Shields


You had 12 spell levels left.
You knew the following spells:

 Your Spells              Type           Power        Failure   Level  Hunger
a - Regeneration          Chrm/Necr      #.........   100%        3    ####...
b - Song of Slaying       Chrm           #.......     100%        2    ###....


Dungeon Overview and Level Annotations

Branches:
Dungeon (15/15)            Temple (0/1) D:7            Lair (0/6) D:10
    Orc (0/2) D:11         Vaults (0/5) D:14         Depths (4/5) D:15

Altars:
Ashenzari
Cheibriados
Elyvilon
Gozag
Kikubaaqudgha
Makhleb
Nemelex Xobeh
Qazlal
Ru
Xom
The Shining One

Shops:
D:6 ?   D:7 :   D:10 !   D:11 [   Depths:4 [

Portals:
Hell: Depths:1 Depths:2 Depths:3
Abyss: Depths:4
Pandemonium: Depths:2 Depths:3
Ziggurat: Depths:2

Annotations:
Depths:3 exclusions: obsidian statue and orange crystal statue


Innate Abilities, Weirdness & Mutations

You reflexively headbutt those who attack you in melee.
You have a pair of horns on your head.


Message History

You feel drained. The yaktaur completely misses you.
The yaktaur captain hits you but does no damage.
Unknown command.
You slash the yaktaur captain! You freeze the yaktaur captain!
You headbutt the yaktaur captain!
The yaktaur captain is almost dead.
You slash the yaktaur! You freeze the yaktaur. You hit the ghostly ice dragon.
You hit the golden dragon. You slash something! You freeze something.
Something hits you!
* * * LOW HITPOINT WARNING * * *
Something bites you but does no damage. The ghostly ice dragon bites you.
* * * LOW HITPOINT WARNING * * *
The ghostly ice dragon completely misses you. x2
The golden dragon breathes cold at you. The bolt of cold hits you! You resist.
* * * LOW HITPOINT WARNING * * *
The yaktaur captain shoots a bolt.
The titan waves its arms in wide circles.
The air twists around and strikes you!
You die... ...# ... ....# ... #...# .. #...###'# #..*.§. #.QDC . #pcc#

....#iD@# # ....eCD(#
.### ....#mcC# ..... ...
#...## #..... .
##....#####......
##.....[...†......
##..........†......
##+###..................
...
......(.................
..


You could see a titan, a golden dragon, an ice dragon, a ghostly ice dragon, 2
stone giants, 2 yaktaur captains, a deep elf death mage, a hell knight, a
merfolk shaped shifter, a spriggan berserker (berserk), a yaktaur, a tengu
conjurer and a battlesphere.

Vanquished Creatures
  2 juggernauts
  A caustic shrike (Depths:2)
  A golden dragon (Depths:4)
  A lich (Depths:2)
  2 tentacled monstrosities
  A titan (Depths:3)
  2 sphinxes (Depths:4)
  A tentacled starspawn (Abyss:3)
  2 tengu reavers
  A storm dragon (Depths:3)
  3 fire giants
  7 frost giants
  A deep elf sorcerer (Depths:4)
  Louise (D:14)
  A balrug (Depths:1)
  6 stone giants
  27 very ugly things
  A vampire knight (Depths:2)
  4 war gargoyles (Depths:3)
  2 entropy weavers (shapeshifter) (Depths:3)
  A dire elephant (shapeshifter) (Depths:3)
  Azrael (D:15)
  7 ettins
  2 blizzard demons
  A deep elf death mage (Depths:1)
  A minotaur (shapeshifter) (Depths:3)
  11 crystal guardians (Depths:3)
  3 yaktaur captains (Depths:4)
  7 great orbs of eyes
  11 fire dragons
  A vault guard (D:14)
  3 spriggan air magi
  3 ice dragons
  4 rakshasas
  5 ogre magi
  A hydra (D:13)
  8 centaur warriors
  A satyr (shapeshifter) (Depths:3)
  A catoblepas (shapeshifter) (Depths:3)
  An alligator snapping turtle (shapeshifter) (Depths:3)
  13 dancing weapons (Depths:3)
  A queen ant (shapeshifter) (Depths:3)
  5 tengu warriors
  3 spriggan berserkers
  8 deep troll shamans
  5 thrashing horrors (Abyss:3)
  7 deep troll earth magi
  A shock serpent (shapeshifter) (Depths:2)
  2 sun demons (Depths:1)
  An iron golem (Depths:3)
  2 fire crabs (shapeshifter)
  A deep elf knight (D:15)
  A hell knight (Depths:1)
  A spatial maelstrom (Abyss:3)
  9 glowing orange brains
  A shadow wraith (D:15)
  2 unseen horrors
  3 iron trolls
  A flayed ghost (D:13)
  Pikel (D:9)
  17 deep trolls
  An unseen horror (shapeshifter) (D:15)
  A deep troll (shapeshifter) (Depths:3)
  A lindwurm (shapeshifter) (Depths:2)
  An obsidian statue (Depths:3)
  8 hill giants
  A torturous demonspawn (Depths:3)
  A deep elf mage (D:13)
  6 wizards
  A necromancer (Depths:1)
  10 ugly things
  A stone giant zombie (Depths:1)
  A mana viper (shapeshifter) (Depths:2)
  A cyclops (shapeshifter) (Depths:2)
  4 manticores
  2 cyclopes (D:14)
  A worldbinder (Abyss:3)
  A black mamba (shapeshifter) (Depths:2)
  2 centaur zombies (D:15)
  A torpor snail (shapeshifter) (Depths:3)
  An apocalypse crab (Abyss:3)
  2 smoke demons (Abyss:3)
  3 molten gargoyles (Depths:3)
  A rust devil (Depths:2)
  4 gargoyles
  A hellion (Depths:2)
  2 orange demons (Depths:2)
  A red devil (Depths:2)
  9 yaktaurs
  2 efreet
  4 komodo dragons
  4 kobold demonologists
  A tormentor (Abyss:3)
  An ancient zyme (Abyss:3)
  A demonic crawler (Abyss:3)
  A wind drake (shapeshifter) (Depths:3)
  2 jumping spiders (shapeshifter)
  2 trolls (shapeshifter)
  A yaktaur skeleton (Depths:1)
  3 tengu conjurers
  4 hornets
  6 trolls
  A raiju (shapeshifter) (Depths:2)
  9 two-headed ogres
  3 hippogriffs (shapeshifter)
  Prince Ribbit (D:6)
  4 slime creatures (Depths:1)
  A blink frog (shapeshifter) (Depths:2)
  A frost giant simulacrum (Depths:1)
  7 raiju
  4 hippogriffs
  14 air elementals
  7 large abominations (Abyss:3)
  9 water elementals
  A vampire (D:15)
  4 spriggans
  A wraith (D:15)
  A wyvern (D:10)
  A shadow (D:12)
  A ynoxinul (Abyss:3)
  8 fire elementals
  16 yaks
  2 chaos spawn (Abyss:3)
  2 golden eyes (Abyss:3)
  2 neqoxecs
  4 small abominations (Abyss:3)
  A hog (shapeshifter) (Depths:2)
  5 insubstantial wisps (Depths:3)
  5 vampire mosquitoes
  Duvessa (D:5)
  A naga (shapeshifter) (Depths:2)
  A floating eye (Depths:2)
  4 hell hounds (D:15)
  A floating eye (shapeshifter) (Depths:2)
  A slave (D:9)
  A necrophage (D:7)
  2 orc warriors
  4 ice beasts
  3 sky beasts
  15 ogres
  An ogre (shapeshifter) (Depths:3)
  A phantom (D:5)
  An ettin simulacrum (Depths:1)
  3 boggarts (Depths:1)
  A wolf (shapeshifter) (Depths:2)
  27 centaurs
  A crocodile (D:9)
  4 big kobolds
  7 bullfrogs
  Blork the orc (D:4)
  A wyvern zombie (D:14)
  7 earth elementals (Depths:3)
  A water moccasin zombie (D:9)
  Dowan (D:5)
  5 scorpions
  8 killer bees
  5 wights
  A howler monkey (D:10)
  2 electric eels (D:8)
  10 crimson imps
  A bullfrog zombie (D:13)
  9 jellies
  2 quasits
  A jelly (shapeshifter) (Depths:3)
  6 orc priests
  2 bullfrog skeletons
  2 centaur skeletons
  4 hounds
  An iron imp (Depths:2)
  15 orc wizards
  2 iguanas
  4 worker ants
  A hound skeleton (D:11)
  A worker ant zombie (D:3)
  10 gnolls
  15 adders
  6 shadow imps
  3 white imps
  An ooze (D:2)
  An ufetubus (Abyss:3)
  An adder zombie (D:6)
  2 worms
  A dart slug (D:3)
  4 leopard geckos
  37 orcs
  2 ball pythons
  5 giant cockroaches
  6 goblins
  5 hobgoblins
  6 jackals
  29 kobolds
  2 quokkas
  15 bats
  7 frilled lizards
  A quokka skeleton (D:9)
  16 rats
  A fungus (D:10)
790 creatures vanquished.

Vanquished Creatures (others)
  A spark wasp (Depths:2)
  An unseen horror (shapeshifter) (D:13)
  An unseen horror (D:13)
  A centaur (Depths:2)
  A shadow imp (Depths:2)
  11 ball lightnings (Depths:3)
  2 starspawn tentacles (Abyss:3)
18 creatures vanquished.

Grand Total: 808 creatures vanquished

Notes
Turn   | Place    | Note
-------+----------+-------------------------------------------
     0 | D:1      | PurpleRed the Minotaur Fighter began the quest for the Orb.
     0 | D:1      | Reached XP level 1. HP: 19/19 MP: 0/0
   361 | D:1      | Reached skill level 3 in Axes
   436 | D:1      | Reached XP level 2. HP: 23/27 MP: 1/1
   964 | D:2      | Reached XP level 3. HP: 33/34 MP: 2/2
  1493 | D:2      | Reached skill level 4 in Axes
  1812 | D:3      | HP: 1/34 [orc priest/divine providence (13)]
  2103 | D:3      | Reached XP level 4. HP: 13/41 MP: 3/3
  2394 | D:3      | Found a stormy altar of Qazlal.
  2396 | D:3      | Found a sacrificial altar of Ru.
  2396 | D:3      | Found a burning altar of Makhleb.
  2412 | D:3      | Became a worshipper of Makhleb the Destroyer
  2442 | D:3      | Reached skill level 5 in Fighting
  2442 | D:3      | Reached skill level 5 in Axes
  2653 | D:3      | Reached XP level 5. HP: 48/48 MP: 4/4
  2959 | D:3      | Found an opulent altar of Gozag.
  3046 | D:4      | Noticed Blork the orc
  3053 | D:4      | Killed Blork the orc
  3053 | D:4      | Reached skill level 6 in Axes
  3053 | D:4      | Reached XP level 6. HP: 40/56 MP: 5/5
  3857 | D:5      | Entered Level 5 of the Dungeon
  3896 | D:5      | Reached skill level 7 in Axes
  3901 | D:5      | Noticed Duvessa
  3902 | D:5      | Noticed Dowan
  3903 | D:5      | Found a white marble altar of Elyvilon.
  3916 | D:5      | Killed Duvessa
  3916 | D:5      | Reached XP level 7. HP: 63/64 MP: 6/6
  3923 | D:5      | Killed Dowan
  3974 | D:5      | Noticed a yak
  3979 | D:5      | Noticed a yak
  3983 | D:5      | Killed a yak
  3983 | D:5      | Reached skill level 8 in Axes
  3998 | D:5      | Killed a yak
  3998 | D:5      | Reached * piety under Makhleb
  4096 | D:5      | Noticed a yak
  4096 | D:5      | Noticed a yak
  4096 | D:5      | Noticed a yak
  4096 | D:5      | Noticed a yak
  4101 | D:5      | Killed a yak
  4101 | D:5      | Reached skill level 9 in Axes
  4101 | D:5      | Reached XP level 8. HP: 73/73 MP: 7/7
  4105 | D:5      | Reached skill level 10 in Axes
  4615 | D:5      | Reached skill level 11 in Axes
  4862 | D:5      | Found an ancient bone altar of Kikubaaqudgha.
  4994 | D:6      | Reached XP level 9. HP: 83/83 MP: 8/8
  5067 | D:6      | Found a shattered altar of Ashenzari.
  5089 | D:6      | Noticed a troll
  5096 | D:6      | Killed a troll
  5192 | D:6      | Noticed Prince Ribbit
  5203 | D:6      | Killed Prince Ribbit
  5203 | D:6      | Reached skill level 12 in Axes
  5420 | D:6      | Reached ** piety under Makhleb
  5600 | D:6      | Found Yhih Pojy's Magic Scroll Shoppe.
  5608 | D:6      | Bought a scroll of identify for 24 gold pieces
  5609 | D:6      | Bought a scroll of fear for 42 gold pieces
  5922 | D:7      | Found a staircase to the Ecumenical Temple.
  6175 | D:7      | Reached skill level 10 in Fighting
  6323 | D:7      | Found Vumiaq's Book Boutique.
  6386 | D:7      | Reached skill level 13 in Axes
  6694 | D:7      | Reached XP level 10. HP: 94/94 MP: 9/9
  7189 | D:8      | Reached *** piety under Makhleb
  7487 | D:8      | Found a snail-covered altar of Cheibriados.
  7543 | D:8      | Reached skill level 5 in Armour
  7602 | D:8      | Found a sparkling altar of Nemelex Xobeh.
  7742 | D:9      | Reached skill level 14 in Axes
  8166 | D:9      | Noticed Pikel
  8190 | D:9      | Killed Pikel
  8320 | D:10     | Entered Level 10 of the Dungeon
  8353 | D:10     | Found Jetyfi's Distillery.
  8697 | D:10     | Bought a potion of heal wounds for 85 gold pieces
  8722 | D:9      | Reached skill level 15 in Axes
  9039 | D:10     | Reached **** piety under Makhleb
  9334 | D:10     | Found a staircase to the Lair.
  9415 | D:11     | Found a staircase to the Orcish Mines.
  9620 | D:11     | Reached XP level 11. HP: 101/101 MP: 10/10
  9727 | D:11     | Found Kiguruydgh's Antique Armour Boutique.
  9904 | D:11     | Reached skill level 16 in Axes
  9992 | D:11     | Noticed a hill giant
 10001 | D:11     | Killed a hill giant
 10094 | D:11     | Reached ***** piety under Makhleb
 10322 | D:12     | Noticed a red ugly thing
 10548 | D:12     | Noticed a hill giant
 10566 | D:12     | Killed a hill giant
 10727 | D:11     | Bought a faintly humming plate armour for 644 gold pieces
 10737 | D:11     | Identified the +14 plate armour of the Dwarven Hall {Int+4 Stlth+} (You bought it in a shop on level 11 of the Dungeon)
 10919 | D:12     | Noticed a hill giant
 10930 | D:12     | Killed a hill giant
 11221 | D:12     | Reached skill level 17 in Axes
 11399 | D:12     | Killed a red ugly thing
 11711 | D:12     | Noticed a hill giant
 11723 | D:12     | Killed a hill giant
 11895 | D:13     | Killed an unseen horror
 11908 | D:13     | Reached skill level 10 in Armour
 11948 | D:13     | Noticed a hill giant
 11959 | D:13     | Killed a hill giant
 11959 | D:13     | Reached XP level 12. HP: 64/107 MP: 11/11
 12171 | D:13     | Found a large runed door.
 12172 | D:13     | Found a large runed door.
 12188 | D:13     | Reached skill level 18 in Axes
 12305 | D:13     | Noticed a four-headed hydra
 12325 | D:13     | Killed a ten-headed hydra
 12377 | D:13     | Noticed a centaur warrior
 12387 | D:13     | Killed a centaur warrior
 12494 | D:13     | Found a snail-covered altar of Cheibriados.
 12513 | D:13     | Found an ancient bone altar of Kikubaaqudgha.
 12513 | D:13     | Noticed a tengu reaver
 12532 | D:13     | Killed a tengu reaver
 12649 | D:14     | Noticed an ogre mage
 12656 | D:14     | Killed an ogre mage
 12656 | D:14     | Reached skill level 19 in Axes
 12669 | D:14     | Noticed a centaur warrior
 12687 | D:14     | Killed a centaur warrior
 13030 | D:14     | Noticed Louise
 13075 | D:14     | Killed Louise
 13075 | D:14     | Reached XP level 13. HP: 115/115 MP: 12/12
 13104 | D:14     | Found a glowing golden altar of the Shining One.
 13457 | D:14     | Found a gate to the Vaults.
 13562 | D:15     | Entered Level 15 of the Dungeon
 13576 | D:15     | Found a shimmering altar of Xom.
 13612 | D:15     | Noticed Azrael
 13852 | D:15     | Reached skill level 20 in Axes
 13970 | D:15     | Killed Azrael
 14032 | D:15     | Found a staircase to the Depths.
 14082 | D:15     | Noticed an ettin
 14100 | D:15     | Killed an ettin
 14100 | D:15     | Reached ****** piety under Makhleb
 14936 | Depths:1 | Entered Level 1 of the Depths
 14936 | Depths:1 | Noticed a stone giant
 14975 | Depths:1 | Killed a stone giant
 15218 | D:11     | Bought a pair of boots for 103 gold pieces
 15347 | Depths:1 | Noticed a fire dragon
 15367 | Depths:1 | Killed a fire dragon
 15503 | Depths:1 | Noticed a purple very ugly thing
 15505 | Depths:1 | Noticed a purple very ugly thing
 15507 | Depths:1 | Noticed a purple very ugly thing
 15523 | Depths:1 | Killed a purple very ugly thing
 15523 | Depths:1 | Reached XP level 14. HP: 129/129 MP: 13/13
 15539 | Depths:1 | Killed a cyan very ugly thing
 15545 | Depths:1 | Killed a cyan very ugly thing
 15678 | Depths:1 | Noticed a balrug
 16195 | Depths:1 | Reached skill level 15 in Armour
 16197 | Depths:1 | Killed a balrug
 16612 | Depths:1 | Found a gateway to Hell.
 16617 | Depths:1 | Got a crystal morningstar
 16620 | Depths:1 | Identified the +11 morningstar of the Cup {flame, rPois} (You found it on level 1 of the Depths)
 17095 | Depths:1 | Got a brightly glowing ivory ring
 17097 | Depths:1 | Identified the ring "Epsocague" {Fire Dex+4} (You took it off a balrug on level 1 of the Depths)
 17143 | Depths:1 | Noticed a stone giant
 17156 | Depths:1 | Killed a stone giant
 17203 | Depths:1 | Reached skill level 15 in Fighting
 17308 | Depths:1 | Noticed a frost giant
 17318 | Depths:1 | Killed a frost giant
 17419 | Depths:1 | Noticed a frost giant
 17529 | Depths:1 | Killed a frost giant
 17605 | Depths:1 | Noticed a brown very ugly thing
 17606 | Depths:1 | Noticed a brown very ugly thing
 17606 | Depths:1 | Noticed a brown very ugly thing
 17619 | Depths:1 | Killed a purple very ugly thing
 17619 | Depths:1 | Killed a purple very ugly thing
 17619 | Depths:1 | Reached XP level 15. HP: 141/141 MP: 14/14
 17957 | Depths:1 | Got a translucent lead amulet
 17958 | Depths:1 | Identified the amulet "Uzim" {Faith rC- MR+ Int+4 Slay+2} (You took it off a boggart on level 1 of the Depths)
 17969 | Depths:1 | Cast into level 3 of the Abyss (a wizard)
 18476 | Abyss:3  | Noticed a tentacled starspawn
 18485 | Abyss:3  | Killed a tentacled starspawn
 18528 | Abyss:3  | Noticed a Hell Sentinel
 18719 | Depths:1 | Escaped the Abyss
 19079 | Depths:1 | Noticed a tentacled monstrosity
 19095 | Depths:1 | Killed a tentacled monstrosity
 19380 | Depths:1 | Learned a level 3 spell: Regeneration
 19383 | Depths:1 | Learned a level 2 spell: Song of Slaying
 19411 | Depths:2 | Noticed a lich
 19427 | Depths:2 | Killed a lich
 19431 | Depths:2 | Noticed a frost giant
 19452 | Depths:2 | Killed a frost giant
 19478 | Depths:2 | Reached skill level 1 in Dodging
 19566 | Depths:2 | Reached XP level 16. HP: 155/155 MP: 15/15
 19662 | Depths:2 | Identified Atreump's Almanac of Dusty Poisoning
 19734 | Depths:2 | Paralysed by a floating eye for 3 turns
 19821 | Depths:2 | Found a one-way gate leading to the halls of Pandemonium.
 19878 | Depths:2 | Found a gateway to a ziggurat.
 19878 | Depths:2 | Noticed a lich
 20039 | Depths:2 | Reached skill level 5 in Dodging
 20072 | Depths:2 | Reached skill level 21 in Axes
 20690 | Depths:2 | Noticed a juggernaut
 20707 | Depths:2 | Killed a juggernaut
 21156 | Depths:2 | Noticed a tentacled monstrosity
 21175 | Depths:2 | Killed a tentacled monstrosity
 21180 | Depths:2 | Reached XP level 17. HP: 165/166 MP: 16/16
 21357 | Depths:2 | Got a glittering lapis lazuli ring
 21403 | Depths:2 | Identified the ring of Happiness {rPois rC+} (You took it off a spriggan rider on level 2 of the Depths)
 21476 | Depths:2 | Noticed a caustic shrike
 21489 | Depths:2 | Killed a caustic shrike
 22035 | Depths:3 | Reached skill level 22 in Axes
 22038 | Depths:3 | Got a fine ivory ring
 22040 | Depths:3 | Identified the ring of the Moon {rN+ MP+9 Str-4 Slay+2} (You found it on level 3 of the Depths)
 22181 | Depths:3 | Reached skill level 10 in Dodging
 22336 | Depths:3 | Noticed a quicksilver dragon
 22347 | Depths:3 | a quicksilver dragon changed into a sphinx
 22390 | Depths:3 | Noticed a quicksilver dragon
 22392 | Depths:3 | a quicksilver dragon changed into a stone giant
 23160 | Depths:3 | Noticed a quicksilver dragon
 23160 | Depths:3 | an emperor scorpion changed into a quicksilver dragon
 23163 | Depths:3 | a quicksilver dragon changed into an alligator snapping turtle
 23831 | Depths:3 | Reached XP level 18. HP: 165/178 MP: 17/17
 24038 | Depths:3 | Identified Yribialu's Incunabulum of Creative Translocation
 24067 | Depths:3 | Identified the Collected Works on Translocation and Transformation
 24401 | Depths:3 | Identified Hogger's Compendium of Evil Magic
 24947 | Depths:4 | Found Lyptov's Antique Armour Boutique.
 24993 | Depths:4 | Reached skill level 23 in Axes
 25162 | Depths:4 | Found a one-way gate to the infinite horrors of the Abyss.
 25373 | Depths:4 | Noticed a golden dragon
 25375 | Depths:4 | Noticed a juggernaut
 25394 | Depths:4 | Killed a juggernaut
 25397 | Depths:4 | Killed a golden dragon
 25399 | Depths:4 | Noticed a golden dragon
 25425 | Depths:4 | Killed from afar by a titan

Skill      XL: |  1  2  3  4  5  6  7  8  9 10 11 12 13 14 15 16 17 18 |
---------------+-------------------------------------------------------+-----
Axes           | 3 4 5 6 7 9 11 13 15 17 19 20 21 22 23 | 23.4
Fighting       | 4 5 6 7 9 10 13 15 17 18 20 21 | 21.0
Armour         | 4 7 10 12 14 16 18 | 18.0
Dodging        | 3 8 11 12 | 12.9
Shields        | |  3.6

Action                   |  1- 3 |  4- 6 |  7- 9 | 10-12 | 13-15 | 16-18 || total
-------------------------+-------+-------+-------+-------+-------+-------++-------
Melee: War axe           |   125 |   111 |   245 |   180 |       |       ||   661
       Headbutt          |    18 |    24 |    52 |   166 |   192 |   284 ||   736
       Broad axe         |       |       |       |   452 |       |     2 ||   454
       Unarmed           |       |       |       |     1 |       |       ||     1
       Battleaxe         |       |       |       |    91 |   761 |  1034 ||  1886
 Abil: Evoke Berserk Rag |       |       |     2 |     7 |    15 |     7 ||    31
Evoke: Wand              |       |       |       |       |       |    20 ||    20
  Use: Scroll            |       |       |    16 |     6 |    10 |    10 ||    42
       Potion            |       |       |       |     2 |     4 |     7 ||    13
 Stab: Distracted        |       |       |       |     1 |       |     2 ||     3
       Petrifying        |       |       |       |       |       |     2 ||     2
       Confused          |       |       |       |       |       |     1 ||     1
       Petrified         |       |       |       |       |       |     1 ||     1
       Paralysed         |       |       |       |       |       |     1 ||     1
  Eat: Chunk             |     3 |     7 |     8 |    23 |    21 |    14 ||    76
       Pizza             |       |       |     1 |       |     3 |     3 ||     7
       Beef jerky        |       |       |     1 |       |       |       ||     1
       Royal jelly       |       |       |       |     2 |       |       ||     2
       Fruit             |       |       |       |       |    10 |     3 ||    13
       Bread ration      |       |       |       |       |       |     2 ||     2
Armor: Scale mail        |    63 |    13 |       |       |       |       ||    76
       Chain mail        |       |    28 |    80 |       |       |       ||   108
       Plate armour      |       |       |     4 |   432 |   710 |   741 ||  1887
Dodge: Dodged            |    35 |    17 |    40 |   134 |   232 |   501 ||   959
Block: Shield            |    69 |    50 |    96 |   296 |       |       ||   511
